 Dungeon Crawl Stone Soup version 0.19-a0-27-g415f530 (webtiles) character file.

132 M4edhros the Insei (level 4, -5/34 HPs)
             Began as a Vampire Monk on May 1, 2016.
             Slain by Menkaure (23 damage)
             ... on level 4 of the Dungeon.
             The game lasted 00:02:29 (552 turns).

M4edhros the Insei (Vampire Monk)                    Turns: 552, Time: 00:02:31

Health: -5/34      AC:  2    Str:  9 (11) XL:     4   Next: 92%
Magic:  4/4        EV: 13    Int: 13 (15) God:
Gold:   85         SH:  0    Dex: 15 (16) Spells: 0 memorised, 3 levels left

rFire  . . .     SeeInvis +       - Unarmed
rCold  . . .     Gourm    .     a - +0 robe
rNeg   . . .     Faith    .     (no shield)
rPois  .         Spirit   .     (no helmet)
rElec  .         Dismiss  .     (no cloak)
rCorr  .         Reflect  .     (no gloves)
SustAt .         Harm     .     (no boots)
MR     .....                    (no amulet)
Stlth  ++........               (no ring)
                                f - +3 ring of intelligence

@: very slightly contaminated, regenerating very quickly, hasted, very quick,
not resistant to hostile enchantments, unstealthy
A: fangs 3, see invisible, unbreathing
a: no special abilities


You were on level 4 of the Dungeon.
You were almost alive.

You visited 1 branch of the dungeon, and saw 4 of its levels.

You collected 85 gold pieces.

Inventory:

Armour
 a - a +0 robe (worn)
Jewellery
 f - a +3 ring of intelligence (left hand)
Scrolls
 b - a scroll of fear {unknown}
 c - 2 scrolls of teleportation
 g - a scroll of enchant weapon {unknown}
 h - 2 scrolls of fog
 i - a scroll of magic mapping {unknown}
 j - a scroll of remove curse
 n - a scroll of amnesia
Potions
 e - 3 potions of blood


   Skills:
 - Level 2.6 Fighting
 - Level 3.2 Dodging
 - Level 3.0 Stealth
 + Level 6.9 Unarmed Combat


You had 3 spell levels left.
You didn't know any spells.

Dungeon Overview and Level Annotations

Branches:
Dungeon (4/15)
 Temple: D:4-7

Altars:

Annotations:
D:4 Menkaure


Innate Abilities, Weirdness & Mutations

Your natural rate of healing is extremely fast.
You have razor-sharp teeth.
You have supernaturally acute eyesight.
You can survive without breathing.


Message History

g - a scroll labeled HEZOGE JOMIOX Menkaure, Prince of Dust comes into view.
Menkaure casts a spell.
Menkaure seems to speed up.
Menkaure wails, "Why can't you leave me to my rest?"
Menkaure calls on the powers of darkness!
Your body is wracked with pain!
Drink which item? (? for menu, Esc to quit)
It was a potion of haste.
You feel yourself speed up.
You are very lightly contaminated with residual magic.
You hit Menkaure.
Menkaure is lightly damaged.
You hit Menkaure.
Menkaure is moderately damaged.
Menkaure barely misses you.
You barely miss Menkaure. You bite Menkaure.
Menkaure is moderately damaged.
Menkaure hits you!!
Ouch! That really hurt!
You die...

#. #.(...####
#####.########.........
#......................
#.#..........#.###)....
#..#...##...#..# #.....
#..#..##..#...# #.....
#...#....#....# #.....
#....#M.#.....# #.....
#.##.@##..##..# #.(...
#..##..##.## #.....
...#..#....# #..(..
#...#....#.... ..(....
#..#..##..#...####.###
#.# $. #...#..# #.. ##
....!#.# #### ## ... .#


You could see Menkaure.

Vanquished Creatures
  An ogre (D:4)
  2 adders
  A worm (D:2)
  A dart slug (D:1)
  A giant gecko (D:1)
  An orc (D:3)
  A giant cockroach (D:1)
  A goblin (D:3)
  4 hobgoblins
  2 bats (D:1)
  2 giant newts
  2 kobolds
  A rat (D:1)
20 creatures vanquished.

Notes
Turn   | Place    | Note
--------------------------------------------------------------
     0 | D:1      | M4edhros the Vampire Monk began the quest for the Orb.
     0 | D:1      | Reached XP level 1. HP: 17/17 MP: 1/1
    91 | D:1      | Reached XP level 2. HP: 10/23 MP: 2/2
   127 | D:1      | Reached skill level 5 in Unarmed Combat
   424 | D:3      | Reached XP level 3. HP: 14/28 MP: 3/3
   494 | D:4      | Noticed an ogre
   501 | D:4      | Killed an ogre
   501 | D:4      | Reached skill level 6 in Unarmed Combat
   501 | D:4      | Reached XP level 4. HP: 34/34 MP: 4/4
   546 | D:4      | Noticed Menkaure
   552 | D:4      | Slain by Menkaure

Vault maps used:
D:1:      mrwooster_arrival_statue_3
D:2:      gammafunk_temple_overflow_pools, serial_forest,
          infiniplex_forest_clump_diagonal, infiniplex_forest_side_room,
          infiniplex_forest_zigzag_1, infiniplex_forest_straight_2,
          infiniplex_forest_clump_small, infiniplex_forest_clump_diagonal,
          infiniplex_forest_lined_3, kennysheep_decorative_pillar
D:3:      kennysheep_slug_shrine
D:4:      kennysheep_the_goblin_king, minivault_26, uniq_natasha, uniq_menkaure,
          uniq_blork_the_orc, uniq_sigmund

Skill      XL: |  1  2  3 |
---------------+----------+-----
Unarmed Combat | 5 6 |  6.9
Fighting       | |  2.6
Dodging        | |  3.2
Stealth        | |  3.0

Action                   |  1- 3 |  4- 6 || total
-------------------------+-------+-------++-------
Melee: Unarmed           |    67 |     3 ||    70
       Bite              |     7 |     1 ||     8
       Punch             |     1 |       ||     1
  Use: Potion            |    13 |     1 ||    14
       Scroll            |     5 |       ||     5
Armor: Robe              |     9 |       ||     9
       Skin              |     1 |       ||     1
Dodge: Dodged            |    37 |     1 ||    38
